 Dungeon Crawl Stone Soup version 0.28-a0-653-g7e9dba17c3 (webtiles) character file.

Game seed: 2850682401655148213

738 sanka the Distorting Palentonga (level 7, 0/55 HPs)
             Began as a Palentonga Abyssal Knight on Oct 11, 2021.
             Was a Believer of Lugonu.
             Splashed by a jelly's acid (4 damage)
             ... on level 5 of the Dungeon.
             The game lasted 00:09:37 (5509 turns).

sanka the Distorting Palentonga (PaAK)              Turns: 5509, Time: 00:09:37

Health: 0/55       AC: 20    Str: 18    XL:     7   Next: 46%
Magic:  13/13      EV:  7    Int: 10    God:    Lugonu [**....]
Gold:   289        SH:  0    Dex: 11    Spells: 6/6 levels left

rFire   . . .      SeeInvis +   a - +1 broad axe (protect)
rCold   . . .      Faith    .   (no shield)
rNeg    . . .      Spirit   .   k - +3 scale mail
rPois   .          Reflect  .   n - +2 helmet
rElec   .          Harm     .   r - +0 cloak
rCorr   .          Rampage  .   (no gloves)
Will    .....                   (no barding)
Stlth   ..........              (no amulet)
HPRegen 0.18/turn               (no ring)
MPRegen 0.13/turn               p - +4 ring of protection

@: corroded, under a protective aura
A: large, rugged brown scales 3, see invisible, deformed body, roll 1, armoured
tail, reflexive curl
a: Rolling Charge, Renounce Religion, Depart the Abyss, Bend Space


You were on level 5 of the Dungeon.
You worshipped Lugonu.
Lugonu was pleased with you.
You visited 1 branch of the dungeon, and saw 5 of its levels.
You visited the Abyss 1 time.

You collected 289 gold pieces.


Innate Abilities, Weirdness & Mutations

You are completely covered in rugged brown scales. (AC +3, +7% HP)
You have supernaturally acute eyesight. (SInv)
Armour fits poorly on your strangely shaped body.
You can roll at nearby foes to attack.
You have a long armoured tail.
You curl defensively after being hit.


   Skills:
 - Level 3.0 Fighting
 * Level 4.7 Axes
 - Level 1.5 Armour
 - Level 0.7 Dodging
 - Level 8.0 Invocations


You had 6 spell levels left.
You didn't know any spells.
Your spell library contained the following spells:

 Spells                   Type           Power      Damage    Failure   Level
 Sting                    Tmut/Pois      0%         1d3       77%         1
 Poisonous Vapours        Pois/Air       0%         N/A       88%         2
 Olgreb's Toxic Radiance  Pois           0%         N/A       100%        4
 Blade Hands              Tmut           0%         N/A       100%        5
 Irradiate                Conj/Tmut      0%         3d13      100%        5
 Dragon Form              Tmut           0%         N/A       100%        7

Inventory:

Hand Weapons
 a - a +1 broad axe of protection (weapon)
 l - a +1 hand axe
Missiles
 h - 2 throwing nets {=f}
Armour
 b - a +0 leather armour
 k - a +3 scale mail (worn)
 n - a +2 helmet (worn)
 r - a +0 cloak (worn)
Magical Staves
 i - a staff of earth
Jewellery
 d - a ring of fire
 p - a +4 ring of protection (right hand)
Wands
 c - a wand of mindburst (11)
Scrolls
 e - 2 scrolls of amnesia
 g - a scroll of identify {@r1}
 j - a scroll of magic mapping
 m - a scroll of torment {!r}
 o - a scroll of silence {!r}
Potions
 f - a potion of curing {@q1}
 q - a potion of heal wounds {unknown}
 s - a potion of mutation {unknown}

Dungeon Overview and Level Annotations

Branches:
Dungeon (5/15)
 Temple: D:4-7

Altars:
Hepliaklqana
Makhleb
Qazlal

Annotations:
D:2 Sigmund

.. ...... ▒....
....... ▒.£..
......
▒....▒▒......
▒......▒... .
▒.........▒▒▒...
▒......J▒S.£....
▒......H)▒
▒.....▒▒..▒....
▒▒▒▒▒▒▒▒▒▒.....▒
▒.▒▒...
.........'...).▒
..▒ ▒
▒▒▒▒▒▒▒▒▒▒.....▒
.▒ ▒.......▒▒ ..
▒.......▒ .▒
▒.......▒ ..
▒.......▒


You could see a water moccasin and a jelly.


Message History

You barely miss the jelly.
You feel sick.
The water moccasin bites you but does no damage.
The jelly hits you but does no damage. The water moccasin bites you.
* * * LOW HITPOINT WARNING * * *
You slash the water moccasin!
The water moccasin is almost dead.
You hit the jelly.
Your hands burn!
* * * LOW HITPOINT WARNING * * *
You feel sick.
The water moccasin bites you but does no damage.
The jelly hits you but does no damage. The water moccasin barely misses you.
The jelly hits you but does no damage.
You barely miss the water moccasin.
Your tail-slap misses the water moccasin.
The water moccasin is almost dead.
You hit the jelly.
Your hands burn!
* * * LOW HITPOINT WARNING * * *
You feel sick.
You are no longer poisoned.
The water moccasin bites you but does no damage.
The jelly hits you but does no damage.
The water moccasin bites you but does no damage.
You hit the jelly but do no damage.
Your hands burn!
You die...

Action                   |  1- 3 |  4- 6 |  7- 9 || total
-------------------------+-------+-------+-------++-------
Melee: Hand axe          |   108 |   229 |       ||   337
       Tailslap          |    10 |    23 |     3 ||    36
       Broad axe         |       |    36 |    30 ||    66
Invok: Depart the Abyss  |     1 |       |       ||     1
 Abil: Rolling Charge    |     9 |     3 |     2 ||    14
Evoke: Wand              |       |     3 |       ||     3
  Use: Scroll            |       |    13 |       ||    13
       Potion            |       |     5 |       ||     5
Armor: Leather armour    |    20 |       |       ||    20
       Scale mail        |    28 |   207 |    39 ||   274
Dodge: Dodged            |    45 |   111 |    11 ||   167

Levels and vault maps discovered:
D:1:      minmay_arrival_open_corners, layout_loops_cross
D:2:      layout_loops_ring, ebering_ecumenical_altar_ruins,
          minmay_tetromino_i2, uniq_sigmund
D:3:      layout_loops_ring, mainiacjoe_overflow_concentric_impassable,
          uniq_ijyb, uniq_robin
D:4:      layout_basic, mainiacjoe_overflow_catwalk_spiral,
          serial_bayou_lagoon_a
D:5:      layout_basic, nemelex_dance_club_becter, minmay_temple_entry_slanted

Notes
Turn   | Place    | Note
-------+----------+-------------------------------------------
     0 | Abyss:1  | sanka the Palentonga Abyssal Knight began the quest for the
                  | Orb.
     0 | Abyss:1  | Reached XP level 1. HP: 19/19 MP: 2/2
     6 | Abyss:1  | Found a corrupted altar of Lugonu.
    20 | Abyss:1  | Found a corrupted altar of Lugonu.
    74 | Abyss:1  | Noticed a tentacled starspawn
    74 | Abyss:1  | Noticed a wretched star
    82 | D:1      | Escaped the Abyss
   220 | D:1      | Reached XP level 2. HP: 22/25 MP: 4/4
   220 | D:1      | Reached * piety under Lugonu
   221 | D:1      | Reached skill level 3 in Invocations
   787 | D:1      | Reached XP level 3. HP: 26/31 MP: 5/5
  1129 | D:1      | Reached skill level 4 in Invocations
  1371 | D:2      | Found a faded altar of an unknown god.
  1641 | D:2      | Noticed Sigmund
  2129 | D:3      | Noticed Robin
  2161 | D:3      | Reached XP level 4. HP: 37/37 MP: 7/7
  2176 | D:3      | Killed Robin
  2185 | D:3      | Reached ** piety under Lugonu
  2206 | D:3      | Reached skill level 5 in Invocations
  2330 | D:3      | Noticed Ijyb
  2441 | D:3      | Found a burning altar of Makhleb.
  2620 | D:3      | Killed Ijyb
  2621 | D:3      | Reached XP level 5. HP: 24/43 MP: 9/9
  3316 | D:4      | Found a stormy altar of Qazlal.
  3337 | D:4      | Found a hazy altar of Hepliaklqana.
  3372 | D:4      | Noticed a water moccasin
  3374 | D:4      | Noticed a black bear
  3432 | D:3      | Identified a potion of resistance
  3694 | D:4      | Killed a black bear
  3695 | D:4      | Reached skill level 6 in Invocations
  3767 | D:4      | Noticed a sky beast
  3784 | D:4      | Killed a sky beast
  3785 | D:4      | Reached skill level 7 in Invocations
  3785 | D:4      | Reached XP level 6. HP: 33/50 MP: 11/11
  4723 | D:4      | Reached skill level 8 in Invocations
  5028 | D:5      | Entered Level 5 of the Dungeon
  5077 | D:5      | Reached skill level 3 in Axes
  5077 | D:5      | Gained mutation: You curl defensively after being hit.
                  | [Palentonga growth]
  5077 | D:5      | Reached XP level 7. HP: 22/55 MP: 13/13
  5501 | D:5      | Reached skill level 4 in Axes
  5508 | D:5      | HP: 5/55 [acid (2)]
  5509 | D:5      | Splashed by a jelly's acid

Vanquished Creatures
  A black bear (D:4)
  A sky beast (D:4)
  An ogre (D:5)
  A scorpion (D:5)
  A gnoll sergeant (D:5)
  An orc priest (D:4)
  A bullfrog skeleton (D:5)
  An iguana (D:4)
  An orc wizard (D:4)
  Ijyb (D:3)
  Robin (D:3)
  3 gnolls
  5 adders
  A howler monkey skeleton (D:5)
  A dart slug (D:1)
  8 orcs
  3 bats
  4 endoplasms
  5 giant cockroaches
  11 hobgoblins
  4 jackals (D:4)
  8 kobolds
  6 quokkas
  7 ball pythons
  5 frilled lizards
  14 goblins
  11 rats
107 creatures vanquished.

Vanquished Creatures (others)
  45 plants (D:4)
  A starspawn tentacle (Abyss:1)
46 creatures vanquished.

Grand Total: 153 creatures vanquished
